 Dungeon Crawl Stone Soup version 0.29-a0-892-g2c4c91d9db (webtiles) character file.

Game seed: 3978193854817333261

2630 Aurophilus the Thaumaturge (level 9, -2/40 HPs)
             Began as a Deep Elf Fire Elementalist on July 22, 2022.
             Was a Believer of Vehumet.
             Slain by a hornet (12 damage)
             ... on level 7 of the Dungeon.
             The game lasted 00:34:36 (6572 turns).

Aurophilus the Thaumaturge (DEFE)                   Turns: 6572, Time: 00:34:36

Health: -2/40      AC:  4    Str:  5    XL:     9   Next: 35%
Magic:  19/27      EV: 17    Int: 25    God:    Vehumet [**....]
Gold:   313        SH:  0    Dex: 15    Spells: 25/32 levels left

rFire   . . .      SeeInvis .   (no weapon)
rCold   . . .      Faith    .   (no shield)
rNeg    . . .      Spirit   .   a - +0 robe
rPois   .          Reflect  .   (no helmet)
rElec   .          Harm     .   e - +0 cloak
rCorr   .          Rampage  .   (no gloves)
Will    +....                   f - +0 pair of boots
Stlth   ++........              (no amulet)
HPRegen 0.13/turn               m - +4 ring of evasion
MPRegen 0.20/turn               q - ring of willpower

@: lethally poisoned (-2 -> -23), slowed, studying Short Blades, very slow
A: talons 1, frail 1, subdued magic 1
a: Renounce Religion


You were on level 7 of the Dungeon.
You worshipped Vehumet.
Vehumet was pleased with you.
You visited 1 branch of the dungeon, and saw 7 of its levels.

You collected 313 gold pieces.

Inventory:

Hand Weapons
 h - a +2 dagger of venom
 i - the +9 short sword of Grandeur {holy, rC+ Str+3}
   (You found it on level 3 of the Dungeon)

   It has been blessed by the Shining One to cause great damage to the undead
   and demons.
   Str:       It affects your strength (+3).
   rC:        It protects you from cold.
Armour
 a - a +0 robe (worn)
 e - a +0 cloak (worn)
 f - a +0 pair of boots (worn)
Jewellery
 g - a +6 ring of strength
 m - a +4 ring of evasion (left hand)
 n - an amulet of guardian spirit
 q - a ring of willpower (right hand)
 x - an amulet of regeneration
Wands
 k - a wand of flame (24)
 s - a wand of quicksilver (10)
 t - a wand of iceblast (19)
Scrolls
 d - 7 scrolls of teleportation
 u - a scroll of identify
 v - 2 scrolls of immolation
Potions
 b - a potion of magic
 c - 2 potions of attraction
 j - 2 potions of heal wounds
 l - 3 potions of lignification
 o - a potion of berserk rage
 p - a potion of haste
 r - 3 potions of curing
 w - 6 potions of brilliance {unknown}


   Skills:
 + Level 3.0 Dodging
 + Level 3.5 Stealth
 * Level 12.0 Spellcasting
 * Level 5.0 Conjurations
 * Level 8.7 Fire Magic


You had 25 spell levels left.
You knew the following spells:

 Your Spells              Type           Power      Damage    Failure   Level
a - Foxfire               Conj/Fire      100%       2x1d9     1%          1
b - Scorch                Fire           90%        2d10      1%          2
c - Flame Wave            Conj/Fire      38%        2d9       1%          4

Your spell library contained the following spells:

 Spells                   Type           Power      Damage    Failure   Level
 Searing Ray              Conj           62%        2d6       1%          2
 Conjure Flame            Conj/Fire      38%        6-21      1%          3
 Inner Flame              Hex/Fire       28%        N/A       1%          3
 Sublimation of Blood     Necr           11%        N/A       4%          2
 Petrify                  Tmut/Erth      11%        N/A       32%         4
 Irradiate                Conj/Tmut      10%        3d15      32%         5


Dungeon Overview and Level Annotations

Branches:
Dungeon (7/15)             Temple (0/1) D:4

Altars:
Hepliaklqana
Trog
Vehumet


Innate Abilities, Weirdness & Mutations

You have sharp toenails.
You are frail. (-10% HP)
Your spells are a little easier to cast, but a little less powerful.


Message History

The hornet's fire resistance burns away.
The foxfire hits the hornet but does no damage.
The hornet is moderately wounded.
The foxfire hits the hornet but does no damage.
The hornet is moderately wounded.
The foxfire hits the hornet.
The hornet is burned terribly!
The hornet is moderately wounded.
The foxfire hits the hornet.
The hornet is burned terribly!
The hornet is heavily wounded.
Casting: Scorch (safe; 1% risk of failure)
Confirm with . or Enter, or press ? or * to list all spells.
You conjure some foxfire!
Casting: Foxfire (safe; 1% risk of failure)
Confirm with . or Enter, or press ? or * to list all spells.
You conjure some foxfire!
The foxfire hits the hornet but does no damage.
The hornet is heavily wounded.
The foxfire hits the hornet.
The hornet is burned terribly!
The hornet is heavily wounded.
The hornet stings you!
You are poisoned.
You suddenly lose the ability to move!
The hornet stings you.
You are more poisoned.
You feel yourself slow down.
You feel yourself speed up.
You feel very sick.
The foxfire hits the hornet.
The hornet is burned terribly!
The hornet is severely wounded.
The hornet stings you.
You feel yourself slow down.
You can move again.
Casting: Foxfire (safe; 1% risk of failure)
Confirm with . or Enter, or press ? or * to list all spells.
Flames lash the hornet.
The hornet is burned terribly!
The hornet is almost dead.
You feel very sick. The hornet stings you.
* * * LOW HITPOINT WARNING * * *
You are more poisoned.
You shrug off the repeated paralysis!
The hornet stings you!
You die...

#..# #..# #...
#..# .. #..# ..
#..# .# #..####.#
##.. #@y...... ...
#.####### #.#
#.###### ##.# ##
#......# #..#####.
##.....###).......
#.....#...###...#
#.......### #...#
#.....### ##...
#.....# ###.


You could see a hornet (combustible).

Vanquished Creatures
  Pikel (D:5)
  Grinder (D:3)
  Sigmund (D:3)
  Edmund (D:6)
  Duvessa (D:5)
  A water moccasin (D:7)
  3 ice beasts
  2 ogres
  4 lemures (D:5)
  A centaur (D:7)
  Blork the orc (D:5)
  2 bullfrogs (D:6)
  4 scorpions (D:6)
  Dowan (D:5)
  A hound (D:6)
  4 jellies
  An orc priest (D:4)
  4 iguanas
  4 orc wizards
  10 adders
  2 shadow imps (D:6)
  A white imp (D:5)
  2 worms
  3 dart slugs
  12 orcs
  4 bats
  9 endoplasms
  4 giant cockroaches
  5 hobgoblins
  3 jackals (D:4)
  A quokka (D:3)
  3 ball pythons
  3 frilled lizards
  4 goblins
  8 kobolds
  9 rats
121 creatures vanquished.

Vanquished Creatures (collateral kills)
  A foxfire (D:4)
1 creature vanquished.

Vanquished Creatures (others)
  An orc (D:3)
  411 foxfires
412 creatures vanquished.

Grand Total: 534 creatures vanquished

Notes
Turn   | Place    | Note
-------+----------+-------------------------------------------
     0 | D:1      | Aurophilus the Deep Elf Fire Elementalist began the quest
                  | for the Orb.
     0 | D:1      | Reached XP level 1. HP: 10/10 MP: 6/6
   646 | D:2      | Reached XP level 2. HP: 15/15 MP: 4/8
   652 | D:2      | Learned a level 2 spell: Scorch
   803 | D:2      | Reached XP level 3. HP: 19/19 MP: 7/10
  1003 | D:2      | Identified the +1 leather armour of the Bulwark {Will+
                  | Str+3 Slay+3}
  1147 | D:2      | Found a hazy altar of Hepliaklqana.
  1313 | D:3      | Found a bloodstained altar of Trog.
  1316 | D:3      | Identified the +9 short sword of Grandeur {holy, rC+ Str+3}
  1323 | D:3      | Noticed Sigmund
  1340 | D:3      | Killed Sigmund
  1341 | D:3      | Reached skill level 5 in Spellcasting
  1341 | D:3      | Reached skill level 5 in Fire Magic
  1341 | D:3      | Reached XP level 4. HP: 12/24 MP: 0/13
  1341 | D:3      | Reached XP level 5. HP: 14/28 MP: 0/14
  1780 | D:3      | You fall into a shaft and drop 2 floors!
  1780 | D:5      | Entered Level 5 of the Dungeon
  1892 | D:3      | Reached XP level 6. HP: 32/32 MP: 8/16
  2020 | D:3      | Found a radiant altar of Vehumet.
  2022 | D:3      | Noticed Grinder
  2028 | D:3      | Killed Grinder
  2029 | D:3      | Reached skill level 6 in Spellcasting
  2460 | D:3      | Became a worshipper of Vehumet
  2721 | D:4      | Found a staircase to the Ecumenical Temple.
  2837 | D:4      | Reached XP level 7. HP: 25/36 MP: 16/19
  3242 | D:4      | Reached skill level 7 in Spellcasting
  3410 | D:4      | Reached * piety under Vehumet
  3410 | D:4      | Offered knowledge of Sandblast by Vehumet.
  3755 | D:5      | Noticed Dowan
  3757 | D:5      | Noticed Duvessa
  3777 | D:5      | Killed Duvessa
  3780 | D:5      | Killed Dowan
  3930 | D:5      | Reached skill level 8 in Spellcasting
  4050 | D:5      | Noticed Blork the orc
  4055 | D:5      | Killed Blork the orc
  4374 | D:5      | Reached XP level 8. HP: 41/41 MP: 16/22
  4395 | D:5      | Reached skill level 9 in Spellcasting
  4746 | D:5      | Noticed Pikel
  4754 | D:5      | Killed Pikel
  4967 | D:5      | Reached skill level 10 in Spellcasting
  5123 | D:5      | Gained mutation: You have sharp toenails. [potion of
                  | mutation]
  5123 | D:5      | Gained mutation: You are frail. (-10% HP) [potion of
                  | mutation]
  5123 | D:5      | Gained mutation: Your spells are a little easier to cast,
                  | but a little less powerful. [potion of mutation]
  5129 | D:5      | Learned a level 4 spell: Flame Wave
  5399 | D:6      | Identified the +2 chain mail of Benevolence {rPois Str+3
                  | Dex-2}
  5610 | D:6      | Reached XP level 9. HP: 30/40 MP: 20/25
  5633 | D:6      | Reached skill level 11 in Spellcasting
  5841 | D:6      | Noticed Edmund
  5856 | D:6      | Killed Edmund
  5999 | D:6      | Offered knowledge of Searing Ray by Vehumet.
  6000 | D:6      | Reached ** piety under Vehumet
  6351 | D:7      | Reached skill level 5 in Conjurations
  6442 | D:7      | Reached skill level 12 in Spellcasting
  6570 | D:7      | Paralysed by a hornet for 2 turns
  6572 | D:7      | Slain by a hornet

Illustrated notes

Levels and vault maps discovered:
D:1:      tarquinn_simple_flora_water_a, layout_rooms, minivault_11, st_stairs_2
D:2:      layout_rooms, basic_altar, dreamdust_princess_corridor, moated_statue
D:3:      layout_loops_ring, overflow_temple_1_default, fiery_altar_vehumet,
          due_unseen_surprise, uniq_sigmund, uniq_grinder
D:4:      layout_loops_ring, minmay_temple_entry_proselytizer, minmay_mini_jars
D:5:      layout_basic, st_stairs_12, fountainhead, uniq_duvessa,
          uniq_blork_the_orc, uniq_pikel
D:6:      layout_basic, uniq_edmund
D:7:      layout_rooms, old_standard_altar, chequers_serial_rivers_large_a,
          kennysheep_doodads

Skill      XL: |  1  2  3  4  5  6  7  8  9 |
---------------+----------------------------+-----
Fire Magic     | 4 5 6 8 |  8.7
Stealth        | 3 |  3.5
Spellcasting   | 5 6 8 10 12 | 12.0
Conjurations   | 2 3 4 5 |  5.0
Dodging        | 3 |  3.0

Action                   |  1- 3 |  4- 6 |  7- 9 || total
-------------------------+-------+-------+-------++-------
 Cast: Foxfire           |    58 |    27 |   171 ||   256
       Scorch            |     1 |    19 |    45 ||    65
       Flame Wave        |       |       |     3 ||     3
  Use: Scroll            |     7 |     1 |     8 ||    16
       Potion            |       |       |     1 ||     1
Armor: Robe              |     3 |     4 |     7 ||    14
Dodge: Dodged            |     7 |     7 |    27 ||    41

Table legend: (Time is in decaauts)
 A = Elapsed time spent in this place.
 B = Non-inter-level travel time spent in this place.
 C = Inter-level travel time spent in this place.
 D = Time resting spent in this place.
 E = Time spent auto-exploring this place.
 F = Levels seen in this place.
 G = Mean time per level.
                   A        B        C        D        E       F      G
               +--------+--------+--------+--------+--------+-----+--------+
         Total |   6569 |   6323 |    246 |   1258 |   3899 |   7 |  938.4 |
       Dungeon |   6569 |   6323 |    246 |   1258 |   3899 |   7 |  938.4 |
               +--------+--------+--------+--------+--------+-----+--------+

Top non-repeatable levels by time:
     D:3: 1374 daAuts
     D:5: 1327 daAuts
     D:4: 1189 daAuts
     D:6: 1112 daAuts
     D:1: 641 daAuts
     D:2: 596 daAuts
     D:7: 327 daAuts
